 Dungeon Crawl Stone Soup version 0.20.0-6-gd3061e9 (webtiles) character file.

319 xgamer67 the Skirmisher (level 6, 52/52 HPs)
             Began as a Formicid Enchanter on May 27, 2017.
             Quit the game on level 3 of the Dungeon on May 28, 2017.
             The game lasted 00:10:51 (3159 turns).

xgamer67 the Skirmisher (Formicid Enchanter)        Turns: 3159, Time: 00:10:51

Health: 52/52      AC:  5    Str: 15    XL:     6   Next: 74%
Magic:  9/9        EV: 11    Int: 14    God:
Gold:   184        SH:  0    Dex: 11    Spells: 3/9 levels left

rFire    . . .     SeeInvis +   a - +4 short sword
rCold    . . .     Gourm    .   (no shield)
rNeg     . . .     Faith    .   m - +0 ring mail (curse)
rPois    .         Spirit   .   (helmet unavailable)
rElec    .         Reflect  .   (no cloak)
rCorr    +         Harm     .   (no gloves)
MR       .....                  (no boots)
Stlth    ++........             (no amulet)
Regen    0.2/turn               f - ring of flight
MPRegen  0.2/turn               j - ring of resist corrosion

@: no status effects
A: permanent stasis, dig shafts and tunnels, four strong arms, antennae 3
a: Dig, Shaft Self, Evoke Flight


You were on level 3 of the Dungeon.
You were not hungry.

You visited 1 branch of the dungeon, and saw 3 of its levels.

You collected 184 gold pieces.

Inventory:

Hand Weapons
 a - a +4 short sword (weapon)
 k - a +0 hunting sling
 r - a +1 dagger
 u - a +0 dagger of freezing
 w - a +0 club
Missiles
 x - a tomahawk (quivered)
Armour
 b - a +0 robe
 m - a cursed +0 ring mail (worn)
Jewellery
 f - a ring of flight (left hand)
 j - a ring of resist corrosion (right hand)
 t - an uncursed ring of ice
Scrolls
 h - a scroll of recharging {unknown}
 i - a scroll of amnesia
 l - a scroll of identify {unknown}
 p - a scroll of fear {unknown}
 v - a scroll of fog {unknown}
 y - a scroll of enchant armour {unknown}
Potions
 e - a potion of lignification {unknown}
 g - 3 potions of curing {unknown}
 o - 2 potions of haste {unknown}
 q - a potion of resistance {unknown}
 s - a potion of cancellation {unknown}
Books
 c - a book of Maledictions

   Spells                             Type                      Level
   a - Corona                         Hexes                        1
   b - Ensorcelled Hibernation        Hexes/Ice                    2
   c - Confuse                        Hexes                        3
   d - Tukima's Dance                 Hexes                        3
   e - Dazzling Spray                 Conjuration/Hexes            3
Comestibles
 d - 2 bread rations
 n - 3 royal jellies


   Skills:
 - Level 6.0 Fighting
 - Level 1.0 Short Blades
 + Level 1.6 Armour
 + Level 2.5 Dodging
 - Level 3.6 Stealth
 - Level 2.1 Spellcasting
 - Level 3.6 Hexes


You had 3 spell levels left.
You knew the following spells:

 Your Spells              Type           Power        Failure   Level  Hunger
b - Confuse               Hex            ##......     30%         3    ###....
c - Tukima's Dance        Hex            ##......     30%         3    ###....


Dungeon Overview and Level Annotations

Branches:
Dungeon (3/15)

Altars:
Fedhas
Okawaru
Zin
The Shining One

Annotations:
D:3 grindst0ne's ghost, amateur FoFi


Innate Abilities, Weirdness & Mutations

You cannot be hasted, slowed, berserked, paralysed or teleported.
You can dig through walls and to a lower floor.
Your four strong arms can wield two-handed weapons with a shield.
You have a pair of large antennae on your head. (SInv)


Message History

You feel sick.
No target in view!
You start resting.
You feel sick. x9
You are no longer poisoned.
You start resting.
You are feeling very hungry.
You butcher the bat corpse.
x - a chunk of flesh You see here a bat skeleton. x2
Eating a chunk of flesh.
You eat the chunk of flesh.
This raw flesh tastes terrible.
HP restored.
An orc comes into view.
You see here a tomahawk.
x - a tomahawk The orc shouts!
Quiver which item? (- for none, * to show all) (? for menu, Esc to quit)
Okay, then.
Are you sure you want to abandon this character and quit the game? (Confirm with "yes".)

.......### #. ###### #####
.........##....##....##### #....
.........##.....#........# #....
.........##.....#........####....
................#........##......
###.#†..........###......##......
#...#..........####..............
#.###.......W.(......###.........
...........(....@...........>....
#.#####....o.........###.........
....# #....##.......()...........
....# #....##..............#.....
....##......#...........÷..#.....
....##......#..............#.....
..####......#.............##.....
............#.............##.#...
####.#......####.#........##.#...


You could see grindst0ne's ghost and an orc.

Vanquished Creatures
  An ogre (D:3)
  A scorpion (D:3)
  Natasha (thrice) (D:3)
  4 adders
  A worm (D:2)
  3 dart slugs
  3 orcs (D:3)
  A ball python (D:1)
  5 bats
  2 giant cockroaches
  8 goblins
  9 hobgoblins
  4 jackals (D:2)
  2 frilled lizards
  10 kobolds
  10 rats
67 creatures vanquished.

Notes
Turn   | Place    | Note
-------+----------+-------------------------------------------
     0 | D:1      | xgamer67 the Formicid Enchanter began the quest for the Orb.
     0 | D:1      | Reached XP level 1. HP: 13/13 MP: 3/3
    34 | D:1      | Reached skill level 1 in Fighting
    41 | D:1      | Reached XP level 2. HP: 15/21 MP: 5/5
   266 | D:1      | Reached skill level 2 in Fighting
   489 | D:1      | Reached XP level 3. HP: 21/28 MP: 6/6
   726 | D:2      | Reached skill level 3 in Fighting
  1066 | D:2      | Reached XP level 4. HP: 22/35 MP: 7/7
  1225 | D:2      | Learned a level 3 spell: Confuse
  1229 | D:2      | Learned a level 3 spell: Tukima's Dance
  1452 | D:2      | Found an iron altar of Okawaru.
  1454 | D:2      | Found a glowing silver altar of Zin.
  1625 | D:2      | Found a glowing golden altar of the Shining One.
  1631 | D:2      | Found a blossoming altar of Fedhas.
  1884 | D:3      | Noticed an ogre
  1908 | D:3      | Killed an ogre
  1908 | D:3      | Reached skill level 5 in Fighting
  1908 | D:3      | Reached XP level 5. HP: 21/44 MP: 1/8
  2098 | D:3      | Noticed Natasha
  2109 | D:3      | Killed Natasha
  2218 | D:3      | Noticed grindst0ne's ghost (amateur FoFi)
  2220 | D:3      | Reached XP level 6. HP: 49/52 MP: 9/9
  2240 | D:3      | Noticed Natasha
  2607 | D:3      | Killed Natasha
  2607 | D:3      | Reached skill level 6 in Fighting
  2651 | D:3      | Noticed Natasha
  2814 | D:2      | Upgraded the game from 0.20.0-4-g10b340a to 0.20.0-6-gd3061e9
  2887 | D:3      | Killed Natasha
  2889 | D:3      | Reached skill level 1 in Armour
  3159 | D:3      | Quit the game

Skill      XL: |  1  2  3  4  5  6 |
---------------+-------------------+-----
Fighting       | 1 2 3 5 6 |  6.0
Dodging        | 2 |  2.5
Armour         | 1 |  1.6
Short Blades   | |  1.0
Stealth        | |  3.6
Spellcasting   | |  2.1
Hexes          | |  3.6

Action                   |  1- 3 |  4- 6 || total
-------------------------+-------+-------++-------
Melee: Dagger            |   139 |    30 ||   169
       Short sword       |       |   121 ||   121
 Cast: Corona            |     2 |       ||     2
       Tukima's Dance    |       |     2 ||     2
       Confuse           |       |     4 ||     4
  Use: Scroll            |       |     1 ||     1
 Stab: Sleeping          |     1 |       ||     1
       Confused          |       |     2 ||     2
  Eat: Chunk             |     1 |     7 ||     8
Armor: Robe              |     6 |       ||     6
       Ring mail         |    35 |    45 ||    80
Dodge: Dodged            |    53 |   101 ||   154
